 Dungeon Crawl Stone Soup version 0.31-a0-627-gd65175cf8b (webtiles) character file.

Game seed: 13109282168627974366

152608 GordonOverkill the Severer (level 17, -1/100 HPs)
             Began as a Vine Stalker Delver on Aug 25, 2023.
             Was a High Priest of Trog.
             Slain by a spark wasp (9 damage)
             ... on level 1 of the Spider Nest.
             The game lasted 00:45:54 (21603 turns).

GordonOverkill the Severer (Vine Stalker Delver)   Turns: 21603, Time: 00:45:55

Health: -1/100     AC: 23    Str: 22    XL:     17   Next: 58%
Magic:  0/18       EV: 10    Int: 10    God:    Trog [*****.]
Gold:   865        SH: 13    Dex: 20    Spells: 16/16 levels left

rFire   + + .        W - +3 broad axe (vamp)
rCold   . . .        E - +1 kite shield {AC+3}
rNeg    . . .        q - +3 scale mail {rF+}
rPois   .            N - +1 hat {SInv}
rElec   .            (no cloak)
rCorr   +            A - +0 pair of gloves
SInv    +            f - +2 pair of boots "Trusted Companion" {rF+}
Will    ++++.        e - amulet of regeneration
Stlth   +            p - +4 ring of protection
HPRegen 2.96/turn    F - ring of the Ancients {rCorr Dex+3 Slay+5 Stlth-}
MPRegen 0.16/turn

%: guardian spirit
@: strong-willed, on berserk cooldown, regenerating, slowed, invisible, very
slow
A: fangs 3, regeneration 1, magic shield, antimagic bite, no potion heal 2
a: Renounce Religion, Berserk, Trog's Hand, Brothers in Arms


You were on level 1 of the Spider Nest.
You worshipped Trog.
Trog was extremely pleased with you.
You visited 4 branches of the dungeon, and saw 23 of its levels.
You also visited: Ossuary, Bailey and Volcano.

You collected 2719 gold pieces.
You spent 1854 gold pieces at shops.

Inventory:

Hand Weapons
 o - the +2 mace "Pedghu" {flame, Drain Will+ Dex+2 Stlth+}
   (You found it on level 3 of the Dungeon)

   Dex+2:     It affects your dexterity (+2).
   Will+:     It increases your willpower.
   Drain:     It drains your maximum health when unequipped.
   Stlth+:    It makes you more stealthy.
 L - the +6 hand axe "Araittayz" {elec, Str+3}
   (You found it on level 10 of the Dungeon)

   Str+3:     It affects your strength (+3).
 R - a +1 scimitar of flaming
 W - a +3 vampiric broad axe (weapon)
Missiles
 O - a throwing net
 V - 6 curare-tipped darts (quivered)
Armour
 f - the +2 pair of boots "Trusted Companion" (worn) {rF+}
   (You acquired it on level 5 of the Lair of Beasts)

   rF+:       It protects you from fire.
 q - a +3 scale mail of fire resistance (worn)
 A - a +0 pair of gloves (worn)
 E - a +1 kite shield of protection (worn)
 N - a +1 hat of see invisible (worn)
 T - the +1 chain mail of Fiycotol {rF+}
   (You found it on level 15 of the Dungeon)

   rF+:       It protects you from fire.
 U - a +0 tower shield
Jewellery
 e - an amulet of regeneration (around neck)
 p - a +4 ring of protection (left hand)
 z - a ring of fire
 F - the ring of the Ancients (right hand) {rCorr Dex+3 Slay+5 Stlth-}
   (You bought it in a shop on level 2 of the Dungeon)

   [ring of resist corrosion]

   Dex+3:     It affects your dexterity (+3).
   Slay+5:    It affects your accuracy & damage with ranged weapons and melee
   (+5).
   rCorr:     It protects you from acid and corrosion.
   Stlth-:    It makes you less stealthy.
Wands
 g - a wand of digging (3)
 h - a wand of roots (31)
 u - a wand of paralysis (14)
 w - a wand of mindburst (7)
 C - a wand of flame (42)
 H - a wand of acid (22)
 P - a wand of polymorph (6)
Scrolls
 c - 4 scrolls of fog
 m - 2 scrolls of brand weapon
 n - 8 scrolls of teleportation
 y - a scroll of identify
 G - a scroll of enchant armour
 I - a scroll of poison
 Q - 2 scrolls of revelation
 S - a scroll of immolation
Potions
 a - 4 potions of magic
 d - 4 potions of berserk rage
 i - 4 potions of might
 j - 4 potions of mutation
 k - 8 potions of curing
 l - a potion of resistance {unknown}
 r - 8 potions of haste
 s - a potion of enlightenment
 t - a potion of lignification
 v - 4 potions of invisibility
 J - 3 potions of cancellation
Miscellaneous
 x - a tin of tremorstones (1/2)
 D - a phantom mirror
 K - a phial of floods
 M - a lightning rod (4/4)


   Skills:
 + Level 16.1 Fighting
 - Level 1.7 Short Blades
 + Level 17.0 Axes
 - Level 8.0 Armour
 - Level 1.5 Dodging
 - Level 6.0 Stealth
 - Level 10.0 Shields
 - Level 7.1 Evocations
 - Level 1.1 Shapeshifting


You had 16 spell levels left.
You didn't know any spells.
Your spell library contained the following spells:

 Spells                   Type           Power      Damage    Failure   Level
 Magic Dart               Conj           0%         1d3       85%         1
 Blink                    Tloc           0%         N/A       94%         2
 Call Imp                 Summ           0%         N/A       94%         2
 Sublimation of Blood     Necr           0%         N/A       94%         2
 Wereblood                Tmut           0%         N/A       94%         2
 Mephitic Cloud           Conj/Pois/Air  0%         N/A       99%         3
 Manifold Assault         Tloc           0%         N/A       100%        4
 Summon Hydra             Summ           0%         N/A       100%        7


Dungeon Overview and Level Annotations

Branches:
Dungeon (15/15)            Temple (0/1) D:7            Lair (5/5) D:11
 Shoals (0/4) Lair:2       Spider (1/4) Lair:2        Slime (0/5) Lair:5
    Orc (2/2) D:11            Elf (0/3) Orc:2        Vaults (0/5) D:14
 Depths (0/4) D:15        Ossuary (visited)          Bailey (visited)
Volcano (visited)

Altars:
Ashenzari
Cheibriados
Dithmenos
Elyvilon
Fedhas
Kikubaaqudgha
Makhleb
Qazlal
Ru
Sif Muna
Trog
Wu Jian
Xom
Yredelemnul
Zin
The Shining One
Jiyva

Shops:
D:2 =   D:5 *   D:8 :   Orc:2 !!:(*

Portals:
Abyss: D:9

Annotations:
D:9 2 transporters, Seven7's ghost, novice MiFi


Innate Abilities, Weirdness & Mutations

You have razor-sharp teeth.
Your natural rate of healing is unusually fast.
When hurt, damage is shared between your health and your magic reserves.
Your bite disrupts and absorbs the magic of your enemies.
Potions cannot restore your health.


Message History

Trog accepts your kill.
The burst of rock shards engulfs the jumping spider! x2
The burst of rock shards engulfs the tarantella!
You kill the tarantella!
Trog accepts your kill.
The burst of rock shards engulfs the jumping spider!
You kill the jumping spider!
Trog accepts your kill.
The burst of rock shards engulfs the spark wasp but does no damage.
You hear a skittering sound.
You hear a faint skittering sound. x2
The redback barely misses you. You block the spark wasp's attack.
The jumping spider leaps!
The redback barely misses you. The spark wasp stings you!
* * * LOW HITPOINT WARNING * * *
The spark wasp shocks you!
* * * LOW HITPOINT WARNING * * *
The jumping spider leaps!
The redback bites you but does no damage.
Okay, then.
Aiming: Paralyse
Press: ? - help, Shift-Dir - straight line, f - spark wasp
Aim: a spark wasp (heavily wounded, magic disrupted, chance to affect: 49%)
The spark wasp resists with some effort.
The spark wasp stings you but does no damage.
The redback bites you but does no damage.
You block the spark wasp's attack. You block the redback's attack.
The spark wasp stings you but does no damage.
You fade into invisibility!
The redback misses you. The spark wasp barely misses you.
The redback misses you. The spark wasp closely misses you.
You closely miss the spark wasp. Your bite misses the spark wasp.
The spark wasp is heavily wounded.
You barely miss the redback.
The redback bites you but does no damage.
The spark wasp stings you!
* * * LOW HITPOINT WARNING * * *
The spark wasp shocks you!
* * * LOW HITPOINT WARNING * * *
The redback barely misses you. The spark wasp stings you!
You die...

#..^######)## ...##.##.#..#
..... ...#...#...####....###
.......#..##..##...^.
....####.......#....
....#.....^..# #...
....#<††...#####..
##..†..†......##s#
.......#.....^##@#
.....###......##y## s#
#..#.^.#..######s†### #..#
...#..##....#..#.†#.####.#..#
.#.#...#........).†..#.#...?.
.###...#.#....#..#..##......
###...####....#####†......#
.#....## #...... #.....####
.##.#..# ##......##^#....#


You could see a spark wasp (unable to see you, magic disrupted), a jumping
spider (unable to see you) and a redback (unable to see you).

Vanquished Creatures
  Jorgrun (D:15)
  Agnes (D:14)
  Nessos (D:15)
  A spark wasp (Lair:2)
  A dire elephant (D:15)
  2 ettins (Orc:2)
  Snorg (D:12)
  6 hydras
  3 vault guards
  2 catoblepae
  11 centaur warriors
  A death knight (D:14)
  3 ogre magi
  3 boulder beetles
  A tengu warrior (D:15)
  16 two-headed ogres
  6 death yaks
  A demonic crawler (Spider:1)
  Urug (Lair:1)
  Nergalle (D:10)
  A hell knight (Volcano)
  A skyshark (Lair:5)
  2 goliath frogs (Lair:5)
  Amaemon (Lair:2)
  2 deep trolls (Orc:2)
  2 skeletal warriors (D:14)
  2 wizards (D:14)
  2 lindwurms
  An orc knight (Bailey)
  A steelbarb worm (Spider:1)
  2 deep elf zephyrmancers
  2 deep elf pyromancers
  10 ugly things
  2 necromancers (D:14)
  An oklob plant (D:8)
  3 manticores (D:15)
  An orc sorcerer (Orc:2)
  7 cyclopes
  4 black mambas
  2 gargoyles
  A torpor snail (Lair:2)
  23 cane toads
  Jeremiah (D:6)
  5 rime drakes
  An orange demon (Lair:2)
  Maggie (D:7)
  3 kobold demonologists (D:9)
  A yaktaur (D:14)
  An efreet (D:13)
  2 freezing wraiths (D:14)
  13 komodo dragons
  A tengu conjurer (D:15)
  2 tyrant leeches (Lair:5)
  2 hornets (D:6)
  4 meliai
  4 tarantellas (Spider:1)
  A polar bear (Lair:5)
  16 trolls
  Grinder (D:5)
  29 blink frogs
  Sigmund (D:2)
  5 slime creatures (D:15)
  2 jumping spiders (Spider:1)
  A shadow (D:11)
  2 culicivoras (Spider:1)
  A centaur simulacrum (D:14)
  A vampire (D:11)
  3 wraiths
  43 yaks
  A water elemental (D:15)
  6 wyverns
  A basilisk (Lair:5)
  A fire elemental (Orc:2)
  2 steam dragons
  16 humans (D:14)
  6 redbacks
  4 wargs
  10 vampire mosquitoes
  An acid dragon (D:9)
  15 water moccasins
  Duvessa (D:6)
  A swamp drake (Orc:1)
  2 sky beasts (D:7)
  25 orc warriors
  2 black bears (D:8)
  15 wolves
  26 ogres
  16 centaurs
  A kobold brigand (D:8)
  2 phantoms
  17 bullfrogs
  5 scorpions
  2 gnoll sergeants
  5 wights
  Dowan (D:6)
  15 killer bees
  7 electric eels
  3 vampire bats (D:6)
  5 howler monkeys
  A crimson imp (Orc:1)
  A lava snake (Orc:2)
  2 hounds (D:7)
  5 jellies
  13 orc priests
  An iron imp (Orc:1)
  3 iguanas
  17 orc wizards
  A mummy (Ossuary)
  Robin (D:3)
  An adder (D:3)
  7 gnolls
  3 shadow imps
  3 white imps
  An ufetubus (D:5)
  A worm (D:4)
  3 dart slugs
  68 orcs
  2 ball pythons (D:1)
  4 bats
  2 bat skeletons (D:6)
  2 bat zombies (D:6)
  5 endoplasms
  3 giant cockroaches
  12 gnoll zombies (Ossuary)
  17 goblins
  3 hobgoblins
  13 kobolds
  2 quokkas
  3 bat simulacra (Ossuary)
  2 goblin simulacra (Ossuary)
  5 goblin zombies (Ossuary)
  6 hobgoblin zombies (Ossuary)
  3 kobold simulacra (Ossuary)
  3 kobold zombies (Ossuary)
  4 orc zombies (Ossuary)
  14 rats
  A rat simulacrum (Ossuary)
  4 spectral goblins (Ossuary)
  5 spectral kobolds (Ossuary)
  4 spectral rats (Ossuary)
748 creatures vanquished.

Vanquished Creatures (collateral kills)
  A jorogumo (Spider:1)
  A culicivora (Spider:1)
  A redback (Spider:1)
3 creatures vanquished.

Vanquished Creatures (others)
  An orc (D:7)
1 creature vanquished.

Grand Total: 752 creatures vanquished

Notes
Turn   | Place    | Note
-------+----------+-------------------------------------------
     0 | D:5      | GordonOverkill the Vine Stalker Delver began the quest for
                  | the Orb.
     0 | D:5      | Reached XP level 1. HP: 11/11 MP: 2/2
     3 | D:5      | Noticed a jelly
    24 | D:6      | Noticed an iguana
    41 | D:6      | Noticed a phantom
    64 | D:5      | Noticed an iguana
    73 | D:5      | Reached skill level 1 in Shapeshifting
    77 | D:5      | Found a sand-covered staircase.
    95 | Ossuary  | Entered an ossuary
   118 | Ossuary  | Reached XP level 2. HP: 16/16 MP: 3/3
   148 | Ossuary  | Reached skill level 1 in Axes
   198 | Ossuary  | Reached XP level 3. HP: 14/18 MP: 4/4
   353 | Ossuary  | Reached skill level 2 in Axes
   565 | Ossuary  | Gained mutation: Your natural rate of healing is unusually
                  | fast. [Vine Stalker growth]
   565 | Ossuary  | Reached XP level 4. HP: 20/23 MP: 2/5
   648 | D:5      | Noticed a scorpion
   785 | D:3      | Reached skill level 3 in Axes
   796 | D:3      | Found a burning altar of Makhleb.
   905 | D:3      | Identified the +2 mace "Pedghu" {flame, Drain Will+ Dex+2
                  | Stlth+}
   961 | D:3      | Noticed Robin
   981 | D:3      | Killed Robin
  1093 | D:2      | Found Xeiz's Jewellery Boutique.
  1326 | D:1      | Reached XP level 5. HP: 27/27 MP: 6/6
  2428 | D:2      | Noticed Sigmund
  2443 | D:2      | Killed Sigmund
  2444 | D:2      | Reached skill level 4 in Axes
  2444 | D:2      | Reached skill level 1 in Armour
  2444 | D:2      | Reached skill level 1 in Evocations
  2444 | D:2      | Reached XP level 6. HP: 30/32 MP: 7/7
  3051 | D:4      | Found a bloodstained altar of Trog.
  3063 | D:4      | Became a worshipper of Trog the Wrathful
  3264 | D:4      | Reached XP level 7. HP: 36/36 MP: 8/8
  3439 | D:5      | Reached skill level 5 in Axes
  3442 | D:5      | Noticed a steam dragon
  3450 | D:5      | Killed a steam dragon
  3498 | D:5      | Found a sacrificial altar of Ru.
  3544 | D:5      | Found a snail-covered altar of Cheibriados.
  3649 | D:5      | Found a basalt altar of Yredelemnul.
  3690 | D:5      | Gained mutation: You have razor-sharp teeth. [Vine Stalker
                  | growth]
  3690 | D:5      | Reached XP level 8. HP: 33/42 MP: 6/9
  3700 | D:5      | Reached skill level 6 in Axes
  3888 | D:5      | Found Pafouts's Assorted Antiques.
  3900 | D:5      | Noticed Grinder
  3902 | D:5      | Paralysed by Grinder for 3 turns
  3909 | D:5      | Killed Grinder
  3922 | D:5      | Bought a scroll labelled UJICRA NUMNO for 19 gold pieces
  4478 | D:6      | Reached skill level 7 in Axes
  4627 | D:6      | Noticed Jeremiah
  4663 | D:6      | Killed Jeremiah
  4664 | D:6      | Reached skill level 5 in Fighting
  4664 | D:6      | Reached XP level 9. HP: 30/47 MP: 10/10
  4762 | D:6      | Found an ancient bone altar of Kikubaaqudgha.
  4765 | D:6      | Reached * piety under Trog
  4812 | D:6      | Noticed Duvessa
  4813 | D:6      | Noticed Dowan
  4821 | D:6      | Killed Duvessa
  4823 | D:6      | Killed Dowan
  4849 | D:6      | Reached skill level 8 in Axes
  4880 | D:6      | Noticed a hornet
  4883 | D:6      | Paralysed by a hornet for 1 turns
  4887 | D:6      | Killed a hornet
  5116 | D:7      | Noticed a hornet
  5126 | D:6      | Killed a hornet
  5144 | D:6      | Reached skill level 9 in Axes
  5144 | D:6      | Reached skill level 5 in Armour
  5149 | D:6      | Reached XP level 10. HP: 53/53 MP: 11/11
  5427 | D:7      | Reached ** piety under Trog
  5431 | D:7      | Reached skill level 10 in Axes
  5501 | D:7      | Noticed Maggie
  5507 | D:7      | Killed Maggie
  5591 | D:7      | Found a staircase to the Ecumenical Temple.
  5626 | D:7      | Noticed a two-headed ogre
  5632 | D:7      | Killed a two-headed ogre
  6275 | D:8      | Found a shimmering altar of Xom.
  6401 | D:8      | Reached skill level 11 in Axes
  6401 | D:8      | Reached XP level 11. HP: 60/60 MP: 12/12
  6421 | D:8      | Found Ohymuof's Vocational Training.
  6595 | D:2      | Bought the ring of the Ancients {rCorr Dex+3 Slay+5 Stlth-}
                  | for 529 gold pieces
  6850 | D:8      | Found a white marble altar of Elyvilon.
  6850 | D:8      | Found a glowing silver altar of Zin.
  6851 | D:8      | Found a glowing golden altar of the Shining One.
  6894 | D:8      | Found a blossoming altar of Fedhas.
  6906 | D:8      | Noticed an oklob plant
  6966 | D:8      | Killed an oklob plant
  7141 | D:8      | Found an ornate altar of the Wu Jian Council.
  7436 | D:9      | Found a flagged portal.
  7441 | Bailey   | Entered a bailey
  7481 | Bailey   | Found a large runed translucent door.
  7481 | Bailey   | Found a large runed translucent door.
  7482 | Bailey   | Noticed a deep elf zephyrmancer
  7505 | Bailey   | Noticed an orc knight
  7520 | Bailey   | Killed an orc knight
  7671 | Bailey   | Killed a deep elf zephyrmancer
  7738 | D:9      | Reached *** piety under Trog
  7746 | D:9      | Found a transporter.
  7762 | D:9      | Found a one-way gate to the infinite horrors of the Abyss.
  7762 | D:9      | Noticed Seven7's ghost (novice MiFi)
  7820 | D:9      | Found a stormy altar of Qazlal.
  7842 | D:9      | Reached skill level 12 in Axes
  8107 | D:9      | Noticed a green ugly thing
  8278 | D:9      | Found a transporter.
  8314 | D:9      | Noticed a skeletal warrior
  8407 | D:10     | Entered Level 10 of the Dungeon
  8431 | D:10     | Noticed a two-headed ogre
  8441 | D:10     | Killed a two-headed ogre
  8442 | D:10     | Reached skill level 10 in Fighting
  8508 | D:10     | Noticed Nergalle
  8518 | D:10     | Killed Nergalle
  8567 | D:10     | Found a shimmering blue altar of Sif Muna.
  8624 | D:10     | Found a broken altar of Ashenzari.
  8671 | D:10     | Found a shadowy altar of Dithmenos.
  8696 | D:10     | Noticed a two-headed ogre
  8701 | D:10     | Reached XP level 12. HP: 68/68 MP: 13/13
  8702 | D:10     | Killed a two-headed ogre
  8974 | D:10     | Identified the +6 hand axe "Araittayz" {elec, Str+3}
  9395 | D:11     | Found a staircase to the Lair.
  9400 | D:11     | Reached skill level 1 in Shields
  9764 | D:11     | Reached **** piety under Trog
  9779 | D:11     | Found a staircase to the Orcish Mines.
 10051 | D:12     | Noticed a boulder beetle
 10065 | D:12     | Killed a boulder beetle
 10066 | D:12     | Reached skill level 13 in Axes
 10113 | D:12     | Noticed Snorg
 10124 | D:12     | Killed Snorg
 10738 | D:13     | Noticed a centaur warrior
 10738 | D:13     | Noticed a boulder beetle
 10753 | D:13     | Killed a boulder beetle
 10755 | D:13     | Killed a centaur warrior
 10797 | D:13     | Noticed a centaur warrior
 10817 | D:13     | Killed a centaur warrior
 10818 | D:13     | Reached XP level 13. HP: 36/74 MP: 4/14
 11185 | D:13     | Reached skill level 5 in Shields
 11319 | D:14     | Found a blossoming altar of Fedhas.
 11707 | D:14     | Found a gate to the Vaults.
 11707 | D:14     | Noticed a vault guard
 11707 | D:14     | Noticed a vault guard
 11707 | D:14     | Noticed a vault guard
 11730 | D:13     | Killed a vault guard
 11731 | D:13     | Reached skill level 14 in Axes
 11860 | D:14     | Identified the staff "Xavur" {rF+ Stlth+ Fire}
 11867 | D:14     | Noticed Agnes
 11879 | D:14     | Killed Agnes
 12129 | D:13     | Killed a vault guard
 12220 | D:14     | Killed a vault guard
 12363 | D:14     | Reached XP level 14. HP: 74/82 MP: 12/15
 12776 | Lair:1   | Entered Level 1 of the Lair of Beasts
 12788 | Lair:1   | Noticed Urug
 12800 | Lair:1   | Killed Urug
 13500 | Lair:2   | Found a staircase to the Shoals.
 13617 | Lair:2   | Reached skill level 5 in Evocations
 13699 | Lair:2   | Noticed Amaemon
 13708 | Lair:2   | Killed Amaemon
 13900 | Lair:2   | Reached skill level 10 in Shields
 14391 | Lair:2   | Found a hole to the Spider Nest.
 15588 | Lair:4   | Reached ***** piety under Trog
 16559 | Lair:5   | Entered Level 5 of the Lair of Beasts
 16561 | Lair:5   | Identified a scroll of acquirement
 16562 | Lair:5   | Acquired the +2 pair of boots "Trusted Companion" {rF+}
 16578 | Lair:5   | Reached XP level 15. HP: 84/87 MP: 13/16
 16873 | Lair:4   | Reached skill level 15 in Axes
 17444 | Lair:5   | Found a viscous altar of Jiyva.
 17444 | Lair:5   | Found a staircase to the Slime Pits.
 17934 | Orc:1    | Entered Level 1 of the Orcish Mines
 17939 | Orc:1    | Received a gift from Trog
 18039 | Orc:1    | Found a shimmering altar of Xom.
 18759 | Orc:2    | Entered Level 2 of the Orcish Mines
 18841 | Orc:2    | Found a dark tunnel.
 18850 | Volcano  | Entered a volcano
 18869 | Volcano  | Found a bloodstained altar of Trog.
 19058 | Orc:2    | Found Polaonko's Antique Weapon Boutique.
 19150 | Orc:2    | Found Nattuewu's Assorted Antiques.
 19159 | Orc:2    | Found Siudoatt's Antique Armour Shoppe.
 19167 | Orc:2    | Reached skill level 15 in Fighting
 19170 | Orc:2    | Reached ****** piety under Trog
 19172 | Orc:2    | Reached skill level 16 in Axes
 19175 | Orc:2    | Reached XP level 16. HP: 64/95 MP: 8/17
 19180 | Orc:2    | Received a gift from Trog
 19236 | Orc:2    | Found Hecwoa's Weapon Emporium.
 19261 | Orc:2    | Bought a scroll labelled HALEAC MONIS for 25 gold pieces
 19270 | Orc:2    | Found Leebue's Book Boutique.
 19279 | Orc:2    | Found Efinweog's Distillery.
 19299 | Orc:2    | Bought a potion of experience for 650 gold pieces
 19299 | Orc:2    | Bought a potion of cancellation for 104 gold pieces
 19299 | Orc:2    | Bought a potion of mutation for 104 gold pieces
 19299 | Orc:2    | Reached XP level 17. HP: 99/99 MP: 18/18
 19576 | Orc:2    | Found Wuank's Distillery.
 19584 | Orc:2    | Found a staircase to the Elven Halls.
 19596 | Orc:2    | Bought a potion of haste for 140 gold pieces
 19596 | Orc:2    | Bought a potion of invisibility for 112 gold pieces
 19935 | D:15     | Entered Level 15 of the Dungeon
 19980 | D:15     | Noticed Nessos
 19994 | D:15     | Killed Nessos
 20327 | D:15     | Noticed Jorgrun
 20340 | D:15     | Killed Jorgrun
 20676 | D:15     | Identified the +1 chain mail of Fiycotol {rF+}
 20822 | D:15     | Found a staircase to the Depths.
 21178 | D:5      | Bought a distressingly furry scale mail for 171 gold pieces
 21178 | D:5      | Identified the +1 scale mail "Uretz" {rC+ Str+3 Dex-3} (You
                  | bought it in a shop on level 5 of the Dungeon)
 21337 | Spider:1 | Entered Level 1 of the Spider Nest
 21446 | Spider:1 | Reached skill level 17 in Axes
 21603 | Spider:1 | Slain by a spark wasp

Illustrated notes

Levels and vault maps discovered:
D:1:      eino_arrival_water_star, layout_basic
D:2:      layout_loops_ring, serial_shops, nicolae_shop_trees,
          nicolae_elevator_lobby_plus, uniq_sigmund
D:3:      layout_basic, mainiacjoe_overflow_surrounded_room,
          nicolae_underground_beach, uniq_robin
D:4:      layout_rooms, old_standard_altar, corexii_corridor_pit,
          minmay_misc_feat_alley
D:5:      minmay_general_purpose_star, layout_basic, kennysheep_slug_shrine,
          kennysheep_mini_moat, mainiacjoe_overflow_paths,
          nicolae_ossuary_entry_ruins, serial_shops, nicolae_stop_n_shop_2,
          nrook_mini_backslash, uniq_grinder
D:6:      layout_loops_cross, kennysheep_vampire_church, uniq_jeremiah,
          uniq_duvessa
D:7:      nzn_winding_woodlands_cross [nzn_winding_woodlands_5x15_pool,
          nzn_winding_woodlands_5x15_pockets,
          nzn_winding_woodlands_5x15_lazy_stream,
          nzn_winding_woodlands_5x15_river_crossing,
          nzn_winding_woodlands_15x15_five_gardens], layout_cave_pools,
          hangedman_decor_riveting, uniq_maggie
D:8:      layout_rooms, good_gods_temple_1, mainiacjoe_overflow_alcove_2,
          tgw_fedhas, xom_teletrap_fun, nicolae_shop_vocational
D:9:      layout_loops_ring, nicolae_overflow_crystal_walls, enter_bailey_3,
          gammafunk_ghost_abyssal_escape, st_stairs_5
D:10:     layout_rooms, amcnicky_altar_gilded, nicolae_dithmenos_the_darkroom,
          nicolae_ashenzari_skybound, uniq_nergalle
D:11:     layout_basic, david_lair_shrubbed, hiddenorc1_lemuel
D:12:     layout_basic, uniq_snorg
D:13:     layout_rooms
D:14:     layout_cave_pods, grunt_vaults_entry_tiered, lemuel_round_altar,
          uniq_agnes
D:15:     hangedman_depths_entry_try_elsewhere_first, layout_gridville,
          serial_bayou_shore_a, nicolae_water_bricks,
          nicolae_figureground_pulse, uniq_nessos, uniq_jorgrun
Lair:1:   layout_gridlike, lemuel_fruit_tree, uniq_urug
Lair:2:   layout_long_grid, elwin_shoals_entry_rocks,
          hellmonk_spider_entry_not_the_bees, grunt_megastairs_3, uniq_amaemon
Lair:3:   layout_chaotic_city, minivault_24, serial_bayou_lagoon_b,
          infiniplex_staircase_pool
Lair:4:   layout_layer_cave, chequers_serial_rivers_small_a, grunt_megastairs_2,
          serial_bayou_shore_b
Lair:5:   minmay_lair_end_frog_pond, layout_misc_corridors,
          dpeg_slime_entry_enclosed, nicolae_quartered_pool_super
Spider:1: layout_spider_delve, hangedman_spider_tarantella_strand, uniq_louise
Orc:1:    nicolae_orc_accident_1, layout_caves, basic_altar,
          hangedman_minor_magic
Orc:2:    st_orc_open, layout_diamond_mine, serial_shops, shop,
          nicolae_shop_crystal, shop, enter_volcano_2, nicolae_orc_lava_tube,
          hangedman_feature_mirror

Skill      XL: |  1  2  3  4  5  6  7  8  9 10 11 12 13 14 15 16 17 |
---------------+----------------------------------------------------+-----
Shapeshifting  | 1 |  1.1
Axes           | 1 2 3 4 5 7 9 11 12 13 14 16 17 | 17.0
Fighting       | 3 4 5 6 7 10 11 13 15 16 | 16.1
Armour         | 1 2 3 5 6 8 |  8.0
Evocations     | 1 2 3 4 5 7 |  7.1
Shields        | 4 8 10 | 10.0
Short Blades   | |  1.7
Dodging        | |  1.5
Stealth        | |  6.0

Action                     |  1- 3 |  4- 6 |  7- 9 | 10-12 | 13-15 | 16-18 || total
---------------------------+-------+-------+-------+-------+-------+-------++-------
  Melee: Battleaxe         |    99 |   114 |   164 |   276 |       |       ||   653
         Bite              |    29 |    22 |    47 |   130 |   294 |    94 ||   616
         Short sword       |     1 |       |       |       |       |       ||     1
         Hand axe          |       |       |       |   131 |   703 |    39 ||   873
         Scimitar          |       |       |       |       |    31 |       ||    31
         Broad axe         |       |       |       |       |       |   157 ||   157
 Invoke: Berserk           |       |       |       |    16 |    28 |     5 ||    49
         Trog's Hand       |       |       |       |     1 |     3 |     4 ||     8
  Evoke: Wand              |     1 |       |     1 |     9 |     1 |     2 ||    14
         Phantom mirror    |       |       |       |     1 |       |       ||     1
         Tin of tremorston |       |       |       |       |       |     1 ||     1
    Use: Scroll            |     1 |     5 |       |     9 |    13 |     4 ||    32
         Potion            |     1 |       |       |     1 |     1 |     4 ||     7
   Stab: Sleeping          |    10 |     5 |       |     8 |    11 |       ||    34
         Distracted        |       |       |       |       |     3 |       ||     3
         Fleeing           |       |       |       |       |     1 |       ||     1
         Petrified         |       |       |       |       |     2 |       ||     2
 Armour: Leather armour    |    30 |    22 |       |       |       |       ||    52
         Plate armour      |       |    50 |   147 |    58 |       |       ||   255
         Animal skin       |       |     1 |       |       |       |       ||     1
         Steam dragon scal |       |       |       |   155 |   163 |       ||   318
         Skin              |       |       |       |     1 |       |       ||     1
         Scale mail        |       |       |       |       |     5 |   168 ||   173
  Dodge: Dodged            |    47 |    48 |    48 |   222 |   164 |    76 ||   605
  Block: Kite shield       |       |       |       |    44 |    54 |    51 ||   149
         Tower shield      |       |       |       |       |   489 |   183 ||   672

Table legend: (Time is in decaauts)
 A = Elapsed time spent in this place.
 B = Non-inter-level travel time spent in this place.
 C = Inter-level travel time spent in this place.
 D = Time resting spent in this place.
 E = Time spent auto-exploring this place.
 F = Levels seen in this place.
 G = Mean time per level.
                   A        B        C        D        E       F      G
               +--------+--------+--------+--------+--------+-----+--------+
         Total |  22163 |  20150 |   2013 |   2580 |  12326 |  26 |  852.4 |
       Dungeon |  13830 |  12165 |   1665 |   1399 |   7741 |  15 |  922.0 |
          Lair |   5281 |   5010 |    271 |    614 |   3357 |   5 | 1056.2 |
   Spider Nest |    224 |    224 |      0 |     18 |    120 |   1 |  224.0 |
  Orcish Mines |   1698 |   1622 |     76 |    302 |    904 |   2 |  849.0 |
       Ossuary |    614 |    614 |      0 |    228 |     12 |   1 |  614.0 |
        Bailey |    307 |    307 |      0 |      3 |    133 |   1 |  307.0 |
       Volcano |    205 |    205 |      0 |     14 |     58 |   1 |  205.0 |
               +--------+--------+--------+--------+--------+-----+--------+

Top non-repeatable levels by time:
  Lair:4: 1589 daAuts
    D:14: 1402 daAuts
  Lair:2: 1251 daAuts
     D:6: 1243 daAuts
     D:7: 1160 daAuts
    D:15: 1149 daAuts
  Lair:5: 981 daAuts
     D:5: 931 daAuts
     D:8: 913 daAuts
    D:11: 893 daAuts
     D:9: 886 daAuts
   Orc:2: 854 daAuts
    D:10: 844 daAuts
   Orc:1: 843 daAuts
     D:2: 808 daAuts
